 Dungeon Crawl Stone Soup version 0.22-a0-322-g60b3cfd (webtiles) character file.

536 JeffiDaFish the Covered (level 7, -9/44 HPs)
             Began as a Gargoyle Fighter on Apr 4, 2018.
             Was an Initiate of Okawaru.
             Mangled by an ogre
             ... wielding a +0 giant club
              (11 damage)
             ... on level 5 of the Dungeon.
             The game lasted 00:08:43 (3930 turns).

JeffiDaFish the Covered (Gargoyle Fighter)          Turns: 3930, Time: 00:08:44

Health: -9/44      AC: 16    Str: 22    XL:     7   Next: 25%
Magic:  16/16      EV:  6    Int:  8    God:    Okawaru [......]
Gold:   214        SH: 11    Dex: 13    Spells: 6/6 levels left

rFire    . . .     SeeInvis .   a - +1 flail
rCold    . . .     Gourm    .   c - +1 shield
rNeg     + . .     Faith    .   p - +0 chain mail
rPois    ∞         Spirit   .   m - +0 helmet
rElec    +         Reflect  .   (no cloak)
rCorr    .         Harm     .   (no gloves)
MR       .....                  (no boots)
Stlth    ..........             (no amulet)
HPRegen  0.14/turn              e - ring of magical power
MPRegen  0.15/turn              n - +4 ring of dexterity

@: no status effects
A: negative energy resistance 1, electricity resistance, unbreathing,
petrification resistance, rot immunity, AC +4
a: Renounce Religion


You were on level 5 of the Dungeon.
You worshipped Okawaru.
Okawaru was noncommittal.
You were hungry.

You visited 1 branch of the dungeon, and saw 5 of its levels.

You collected 214 gold pieces.

Inventory:

Hand Weapons
 a - a +1 flail (weapon)
Armour
 c - a +1 shield (worn)
 m - a +0 helmet (worn)
 p - a +0 chain mail (worn)
Jewellery
 e - a ring of magical power (left hand)
 i - a cursed amulet of magic regeneration
 l - an uncursed ring of flight
 n - a +4 ring of dexterity (right hand)
Wands
 o - a wand of random effects (36)
Scrolls
 h - a scroll of remove curse
 j - a scroll of fog
 k - 2 scrolls of identify
Potions
 b - a potion of haste
 d - 2 potions of might
 g - 2 potions of heal wounds
Comestibles
 f - 5 rations


   Skills:
 + Level 4.7 Fighting
 + Level 3.5 Maces & Flails
 * Level 5.7 Armour
 * Level 5.6 Shields


You had 6 spell levels left.
You didn't know any spells.

Dungeon Overview and Level Annotations

Branches:
Dungeon (5/15)
 Temple: D:4-7

Altars:
Okawaru


Innate Abilities, Weirdness & Mutations

You are resistant to torment.
Your stone body is resilient. (AC +4)
You are immune to poison.
You resist negative energy. (rN+)
You are resistant to electric shocks. (rElec)
You can survive without breathing.
You are immune to petrification.
You are immune to rotting.


Message History

* * * LOW HITPOINT WARNING * * *
You hit the orc.
You kill the orc!
Okawaru accepts your kill.
You closely miss the orc. The orc barely misses you.
You sock the orc!
You kill the orc!
Okawaru accepts your kill.
You hear the slow rusting of a very distant drain.
You barely miss the ogre.
The ogre is moderately wounded.
You block the ogre's attack.
You sock the ogre!
The ogre is heavily wounded.
The ogre hits you with a giant club!
* * * LOW HITPOINT WARNING * * *
You completely miss the ogre.
The ogre is heavily wounded.
The ogre hits you with a giant club!
You die...

S. #.....#
... #....)
....#.....
'#..#....
.........
........#
......).#
........#####
.......>.O@<#
.......######
######. #. #.
#. #.


You could see an ogre.

Vanquished Creatures
  An ogre (D:4)
  2 scorpions
  A vampire bat (D:3)
  Terence (D:2)
  A worker ant (D:4)
  A hound skeleton (D:4)
  5 adders
  4 worms
  4 dart slugs
  3 fire bats (D:3)
  9 orcs
  2 spectral bats (D:3)
  5 ball pythons
  3 bat skeletons (D:3)
  A bat zombie (D:3)
  3 giant cockroaches
  6 goblins
  10 hobgoblins
  11 jackals
  2 quokkas
  18 bats
  A bat simulacrum (D:3)
  5 frilled lizards
  3 kobolds
  9 rats
111 creatures vanquished.

Notes
Turn   | Place    | Note
-------+----------+-------------------------------------------
     0 | D:1      | JeffiDaFish the Gargoyle Fighter began the quest for the Orb.
     0 | D:1      | Reached XP level 1. HP: 14/14 MP: 1/1
    65 | D:1      | Reached XP level 2. HP: 18/19 MP: 2/2
   609 | D:1      | Reached XP level 3. HP: 23/23 MP: 3/3
  1484 | D:2      | Reached XP level 4. HP: 27/29 MP: 4/4
  1528 | D:2      | Noticed Terence
  1542 | D:2      | Killed Terence
  2018 | D:2      | Reached XP level 5. HP: 33/33 MP: 5/5
  2340 | D:3      | Found a faded altar of an unknown god.
  2459 | D:3      | Found an iron altar of Okawaru.
  2492 | D:3      | Became a worshipper of Warmaster Okawaru
  2855 | D:3      | Reached XP level 6. HP: 35/38 MP: 6/6
  2905 | D:3      | Reached skill level 5 in Armour
  2905 | D:3      | Reached skill level 5 in Shields
  3308 | D:4      | Reached XP level 7. HP: 20/44 MP: 7/7
  3887 | D:5      | Entered Level 5 of the Dungeon
  3929 | D:5      | HP: 2/44 [ogre/giant club (11)]
  3930 | D:5      | Mangled by an ogre

Vault maps used:
D:1:      dpeg_arrival_more_subterranean_lakeside_camping, minmay_octomino_j4
D:2:      first_ration, uniq_terence
D:3:      okawaru_ov_weapons_minmay, chequers_ecumenical_altar_simple_redux,
          goddamned_bats
D:5:      portal_sewer_entry_a

Skill      XL: |  1  2  3  4  5  6 |
---------------+-------------------+-----
Armour         | 4 5 |  5.7
Shields        | 4 5 |  5.6
Fighting       | 4 |  4.7
Maces & Flails | 3 |  3.5

Action                   |  1- 3 |  4- 6 |  7- 9 || total
-------------------------+-------+-------+-------++-------
Melee: Flail             |   167 |   260 |    48 ||   475
  Use: Scroll            |     3 |     5 |     1 ||     9
       Potion            |       |     5 |     2 ||     7
  Eat: Chunk             |     2 |     7 |     1 ||    10
Armor: Scale mail        |   134 |   251 |     2 ||   387
       Chain mail        |       |       |    34 ||    34
Dodge: Dodged            |    76 |   146 |    22 ||   244
Block: Shield            |   136 |   225 |    37 ||   398

Table legend:
 A = Spawn XP
 B = Non-spawn XP
 C = Spawn XP percentage of total XP
 D = Spawn monster count
 E = Non-spawn monster count
 F = Spawn count percentage of total count
 G = Total turns spent on level
                    A         B        C        D         E        F      G
               +---------+---------+-------+---------+---------+-------+---------
         Total |       0 |     767 |   0.0 |       0 |     111 |   0.0 |  3930
               +---------+---------+-------+---------+---------+-------+---------
           D:1 |       0 |      53 |   0.0 |       0 |      33 |   0.0 |  1251
           D:2 |       0 |     134 |   0.0 |       0 |      24 |   0.0 |  1084
           D:3 |       0 |     212 |   0.0 |       0 |      36 |   0.0 |   738
           D:4 |       0 |     275 |   0.0 |       0 |      10 |   0.0 |   814
           D:5 |       0 |      93 |   0.0 |       0 |       8 |   0.0 |    43
               +---------+---------+-------+---------+---------+-------+---------
